 Dungeon Crawl Stone Soup version 0.26-a0-259-g1effd001a9 (webtiles) character file.

Game seed: 5883158309609769321

15 vurker the Sneak (level 2, -1/23 HPs)
             Began as a Demonspawn Brigand on July 17, 2020.
             Slain by a quokka (4 damage)
             ... on level 1 of the Dungeon.
             The game lasted 00:01:30 (835 turns).

vurker the Sneak (Demonspawn Brigand)                Turns: 835, Time: 00:01:31

Health: -1/23      AC:  9    Str: 11    XL:     2   Next: 34%
Magic:  2/2        EV:  5    Int: 12    God:
Gold:   37         SH:  0    Dex: 14    Spells: 1/1 levels left

rFire    + . .     SeeInvis .   a - +2 dagger
rCold    . . .     Faith    .   (no shield)
rNeg     . . .     Spirit   .   j - +0 chain mail
rPois    .         Reflect  .   (no helmet)
rElec    .         Harm     .   c - +0 cloak
rCorr    .                      (no gloves)
MR       .....                  (no boots)
Stlth    ..........             (no amulet)
HPRegen  0.07/turn              (no ring)
MPRegen  0.08/turn              (no ring)

@: no status effects
A: fire resistance 1
a: no special abilities


You were on level 1 of the Dungeon.
You were not hungry.

You visited 1 branch of the dungeon, and saw 2 of its levels.

You collected 37 gold pieces.

Inventory:

Hand Weapons
 a - a +2 dagger (weapon)
Missiles
 d - 8 poisoned darts (quivered)
 f - 2 curare-tipped darts
Armour
 c - a +0 cloak (worn)
 j - a +0 chain mail (worn)
   (You found it on level 1 of the Dungeon)
Scrolls
 b - a scroll of blinking {unknown}
 h - 2 scrolls of enchant weapon {unknown}
Potions
 g - a potion of resistance {unknown}
Comestibles
 e - 10 rations


   Skills:
 + Level 2.5 Fighting
 - Level 1.7 Short Blades
 + Level 2.3 Throwing
 - Level 0.8 Dodging
 - Level 3.6 Stealth


You had one spell level left.
You didn't know any spells.
Your spell library was empty.

Dungeon Overview and Level Annotations

Branches:
Dungeon (2/15)

Altars:


Innate Abilities, Weirdness & Mutations

Your flesh is heat resistant. (rF+)


Message History

You hit the ooze.
A quokka comes into view.
The goblin hits you.
The jackal bites you but does no damage.
The ooze hits you but does no damage.
You hit the ooze.
The jackal bites you but does no damage.
The goblin hits you but does no damage.
The quokka bites you but does no damage.
The ooze hits you.
You completely miss the ooze. The jackal barely misses you.
The goblin hits you.
* * * LOW HITPOINT WARNING * * *
The quokka bites you but does no damage.
The ooze hits you but does no damage.
The jackal bites you but does no damage.
You hit the goblin.
The quokka bites you but does no damage.
The jackal bites you.
* * * LOW HITPOINT WARNING * * *
The goblin barely misses you. The ooze hits you but does no damage.
You hit the goblin. The jackal barely misses you.
The quokka bites you but does no damage.
The goblin hits you.
* * * LOW HITPOINT WARNING * * *
The ooze hits you.
* * * LOW HITPOINT WARNING * * *
You hit the goblin.
You kill the goblin!
The jackal bites you but does no damage.
The quokka barely misses you.
The jackal bites you but does no damage.
The hobgoblin hits you but does no damage.
The ooze hits you but does no damage. The quokka bites you.
* * * LOW HITPOINT WARNING * * *
The quokka barely misses you.
There is a stone staircase leading up here.
The jackal bites you.
* * * LOW HITPOINT WARNING * * *
The quokka barely misses you.
You climb upwards.
There is a stone staircase leading down here.
You hit the quokka. The jackal closely misses you.
The quokka closely misses you. The jackal barely misses you.
You closely miss the quokka.
The quokka bites you but does no damage.
The jackal bites you but does no damage.
You miss the quokka. The jackal closely misses you. The quokka bites you.
You die...

##...# #..##..#.....#.# #.รท...
.....# ##.###..#....#.## ##.....
#....# #.# ##.#.##.#..####..##..
#....####.####...##....##....##.#
##.............######.....#......
#.............## ##.#..#......
#..............# #....#......
###............### #...........
##...).......@h####.####.)....
#..........r#.#....####......
#...........#...##...........
#...(..............#..#......
#..........#.......#.##......
#....>.....#.............####
##############..###..##....#
############.####.###....#
#..........#.##...# #(..(#


You could see a quokka and a jackal.

Vanquished Creatures
  2 giant cockroaches (D:1)
  3 goblins
  2 hobgoblins (D:1)
  A jackal (D:2)
  A bat (D:1)
  3 kobolds (D:1)
  2 rats (D:1)
14 creatures vanquished.

Notes
Turn   | Place    | Note
-------+----------+-------------------------------------------
     0 | D:1      | vurker the Demonspawn Brigand began the quest for the Orb.
     0 | D:1      | Reached XP level 1. HP: 16/16 MP: 1/1
   257 | D:1      | Gained mutation: Your flesh is heat resistant. (rF+)
                  | [demonic ancestry]
   257 | D:1      | Reached XP level 2. HP: 21/23 MP: 2/2
   835 | D:1      | Slain by a quokka

Illustrated notes

Levels and vault maps discovered:
D:1:      minmay_arrival_floating_metal, layout_rooms, serial_corexii_hall,
          chequers_hall_statues_corner_a, chequers_hall_statues_wall_a
D:2:      layout_rooms, xom_teletrap_fun, nemelex_altar_shiori, first_ration,
          kennysheep_crisscross

Skill      XL: |  1 |
---------------+----+-----
Throwing       | 2 |  2.3
Fighting       | |  2.5
Short Blades   | |  1.7
Dodging        | |  0.8
Stealth        | |  3.6

Action                   || total
-------------------------++-------
Melee: Dagger            ||    52
 Stab: Sleeping          ||     1
Armor: Robe              ||     2
       Leather armour    ||     2
       Chain mail        ||    29
Dodge: Dodged            ||    27

Table legend:
 A = Non-vault XP
 B = Vault XP
 C = Vault XP percentage of total XP
 D = Non-vault monster count
 E = Vault monster count
 F = Vault count percentage of total count
                 A         B        C        D         E       F
            +---------+---------+-------+---------+---------+-------
      Total |      22 |       0 |   0.0 |      14 |       0 |   0.0
            +---------+---------+-------+---------+---------+-------
        D:1 |      18 |       0 |   0.0 |      12 |       0 |   0.0
        D:2 |       4 |       0 |   0.0 |       2 |       0 |   0.0
            +---------+---------+-------+---------+---------+-------
